 Dungeon Crawl Stone Soup version 0.29-a0-338-g1ff7896281 (webtiles) character file.

Game seed: 14386582098442920760

879 Gargoyl the Skirmisher (level 8, -1/51 HPs)
             Began as a Gargoyle Abyssal Knight on Apr 19, 2022.
             Was a Priest of Lugonu.
             Killed by divine providence
             ... invoked by an orc priest
              (16 damage)
             ... on level 5 of the Dungeon.
             The game lasted 00:07:01 (5680 turns).

Gargoyl the Skirmisher (Gargoyle Abyssal Knight)    Turns: 5680, Time: 00:07:02

Health: -1/51      AC: 18    Str: 16    XL:     8   Next: 4%
Magic:  19/19      EV: 11    Int: 12    God:    Lugonu [***...]
Gold:   194        SH:  0    Dex: 12    Spells: 7/7 levels left

rFire   . . .      SeeInvis .   a - +4 hand axe
rCold   . . .      Faith    .   (no shield)
rNeg    + . .      Spirit   .   h - +0 chain mail
rPois   ∞          Reflect  .   (no helmet)
rElec   +          Harm     .   (no cloak)
rCorr   .          Rampage  .   q - +0 pair of gloves
Will    .....                   k - +1 pair of boots
Stlth   ..........              (no amulet)
HPRegen 0.17/turn               i - ring of magical power
MPRegen 0.16/turn               p - +4 ring of evasion

@: no status effects
A: sickness immunity, AC +5, negative energy resistance 1, electricity
resistance, torment resistance 1, petrification resistance
a: Renounce Religion, Depart the Abyss, Bend Space, Banish


You were on level 5 of the Dungeon.
You worshipped Lugonu.
Lugonu was most pleased with you.
You visited 1 branch of the dungeon, and saw 5 of its levels.
You visited the Abyss 1 time.

You collected 194 gold pieces.

Inventory:

Hand Weapons
 a - a +4 hand axe (weapon)
Missiles
 g - 6 javelins (quivered)
 m - 4 poisoned darts
Armour
 h - a +0 chain mail (worn)
 k - a +1 pair of boots (worn)
 q - a +0 pair of gloves (worn)
Jewellery
 i - a ring of magical power (left hand)
 p - a +4 ring of evasion (right hand)
Wands
 d - a wand of polymorph (5)
Scrolls
 f - 2 scrolls of identify {unknown}
 j - a scroll of fog {unknown}
 o - 3 scrolls of teleportation
Potions
 b - 4 potions of brilliance
 e - a potion of heal wounds
 l - a potion of curing {unknown}


   Skills:
 + Level 5.7 Fighting
 + Level 4.9 Axes
 + Level 1.2 Throwing
 + Level 3.9 Armour
 + Level 2.3 Dodging
 + Level 1.4 Stealth
 + Level 0.8 Unarmed Combat
 * Level 3.6 Invocations
 + Level 0.2 Evocations


You had 7 spell levels left.
You didn't know any spells.
Your spell library contained the following spells:

 Spells                   Type           Power      Damage    Failure   Level
 Slow                     Hex            0%         N/A       99%         1
 Confusing Touch          Hex            0%         N/A       100%        3
 Vampiric Draining        Necr           0%         2d6       100%        3
 Airstrike                Air            0%         N/A       100%        4
 Summon Lightning Spire   Summ/Air       0%         N/A       100%        4
 Alistair's Intoxication  Tmut/Pois      0%         N/A       100%        5
 Borgnjor's Vile Clutch   Necr/Erth      0%         N/A       100%        5
 Lightning Bolt           Conj/Air       0%         1d11      100%        5
 Eringya's Noxious Bog    Tmut/Pois      0%         N/A       100%        6


Dungeon Overview and Level Annotations

Branches:
Dungeon (5/15)             Temple (0/1) D:4

Altars:
Gozag
Kikubaaqudgha
Makhleb
Nemelex Xobeh
Okawaru
Qazlal
Uskayaw
Wu Jian
The Shining One

Shops:
D:4 =


Innate Abilities, Weirdness & Mutations

You are immune to sickness and miasma.
Your stone body is resilient. (AC +5)
You are immune to poison.
You resist negative energy. (rN+)
You are resistant to electric shocks. (rElec)
You are resistant to unholy torment.
You are immune to petrification.


Message History

You slash the wight!
The wight is severely damaged.
The wight hits you but does no damage.
You barely miss the wight. You punch the wight.
The wight is almost destroyed.
The wight barely misses you.
You hit the wight.
You destroy the wight!
Lugonu accepts your kill.
You have reached level 8!
You feel clever.
Things that are here:
a +0 spear; a +0 robe
b - 4 potions of brilliance (gained 1)
Things that are here:
a +0 spear; a +0 robe An orc priest comes into view.
It is wielding a +0 dagger.
An orc priest is nearby!
An orc priest is nearby!
The orc priest invokes the aid of Beogh against you.
Pain shoots through your body!
Found a scroll labelled SYTEXI FEUPN.
An orc priest comes into view. It is wielding a +0 club.
The orc priest shouts!
The orc priest looks satisfied for a moment.
The orc priest hits you but does no damage.
You hit the orc priest but do no damage.
Your punch misses the orc priest.
An orc comes into view. It is wielding a +0 club.
The orc priest mumbles some strange prayers to Beogh against you.
Pain shoots through your body!
The orc priest invokes the aid of Beogh against you.
Beogh smites you!
You hear a shout!
The orc priest invokes the aid of Beogh against you.
Beogh smites you!
* * * LOW HITPOINT WARNING * * *
The orc priest calls down the wrath of Beogh upon you.
Beogh smites you!
You die...

#.###.###..##.##
+..........[...#
#..............#
#..............#
#...<...)......#
#..###.##..#####
#..###.##..##
#...........+
#.......@...#
#..........##
#...##...o.#
#..! #...>.# #..
#...... #..
#....o..
###...##o #...#
.. #.... .?


You could see 2 orc priests and an orc.

Vanquished Creatures
  Sigmund (D:2)
  An ogre (D:4)
  A centaur (D:4)
  A bullfrog (D:4)
  4 wights
  An orc priest (D:3)
  Jessica (D:2)
  2 orc wizards
  7 gnolls (D:3)
  4 adders
  5 worms
  6 orcs
  10 endoplasms
  6 giant cockroaches
  2 goblins
  A hobgoblin (D:2)
  5 kobolds
  5 quokkas
  5 ball pythons
  4 bats
  5 frilled lizards
  5 rats
82 creatures vanquished.

Notes
Turn   | Place    | Note
-------+----------+-------------------------------------------
     0 | Abyss:1  | Gargoyl the Gargoyle Abyssal Knight began the quest for the
                  | Orb.
     0 | Abyss:1  | Reached XP level 1. HP: 14/14 MP: 2/2
     0 | D:1      | Escaped the Abyss
   143 | D:1      | Reached ** piety under Lugonu
   371 | D:1      | Reached XP level 2. HP: 20/20 MP: 3/3
   919 | D:1      | Found a faded altar of an unknown god.
  1043 | D:2      | Reached skill level 4 in Fighting
  1182 | D:2      | Noticed Sigmund
  1188 | D:2      | Reached XP level 3. HP: 10/24 MP: 4/4
  1202 | D:2      | Killed Sigmund
  1203 | D:2      | Reached skill level 1 in Dodging
  1203 | D:2      | Reached XP level 4. HP: 8/30 MP: 5/5
  1203 | D:2      | Reached XP level 5. HP: 9/34 MP: 6/6
  1511 | D:2      | Reached skill level 5 in Fighting
  1601 | D:2      | HP: 1/35 [spore (22)]
  1602 | D:2      | Found an ornate altar of the Wu Jian Council.
  1977 | D:2      | Noticed Jessica
  1987 | D:2      | Killed Jessica
  1988 | D:2      | Reached XP level 6. HP: 16/40 MP: 7/7
  2758 | D:3      | Found an opulent altar of Gozag.
  3211 | D:3      | Reached skill level 1 in Stealth
  3545 | D:3      | Found a sparkling altar of Nemelex Xobeh.
  3978 | D:4      | Found a staircase to the Ecumenical Temple.
  4072 | D:4      | Found Xyewosy's Jewellery Emporium.
  4564 | D:4      | Reached XP level 7. HP: 33/44 MP: 9/9
  4845 | D:4      | Found a hide-covered altar of Uskayaw.
  4948 | D:4      | Found an iron altar of Okawaru.
  4948 | D:4      | Found an ancient bone altar of Kikubaaqudgha.
  4954 | D:4      | Found a glowing golden altar of the Shining One.
  4956 | D:4      | Found a burning altar of Makhleb.
  4958 | D:4      | Found a stormy altar of Qazlal.
  5383 | D:5      | Entered Level 5 of the Dungeon
  5387 | D:4      | Reached *** piety under Lugonu
  5442 | D:4      | Reached skill level 1 in Throwing
  5667 | D:5      | Reached XP level 8. HP: 51/51 MP: 10/10
  5680 | D:5      | Killed from afar by an orc priest

Illustrated notes

Levels and vault maps discovered:
D:1:      grunt_arrival_crossed_arrows, layout_basic,
          dreamdust_ecumenical_altar_angels_and_demons
D:2:      layout_rooms, basic_altar, chequers_serial_rivers_small_a,
          uniq_jessica, uniq_sigmund
D:3:      wad_crossroads, layout_rooms, lemuel_doored_altar,
          mainiacjoe_overflow_alcove_1, chequers_serial_rivers_room_a
D:4:      layout_basic, chequers_temple_overflow_minitemple,
          general_overflow_altar, minmay_temple_entry_statues_pillars,
          serial_shops, shop, minmay_hedge_maze
D:5:      layout_gridville, kennysheep_mini, ebering_ghost_sewer_f,
          uniq_prince_ribbit1, uniq_menkaure

Skill      XL: |  1  2  3  4  5  6  7 |
---------------+----------------------+-----
Fighting       | 4 5 |  5.7
Axes           | 2 3 4 |  4.9
Dodging        | 1 2 |  2.3
Stealth        | 1 |  1.4
Armour         | 3 |  3.9
Invocations    | 3 |  3.6
Throwing       | 1 |  1.2
Unarmed Combat | |  0.8
Evocations     | |  0.2

Action                   |  1- 3 |  4- 6 |  7- 9 || total
-------------------------+-------+-------+-------++-------
Melee: Hand axe          |    49 |   175 |    47 ||   271
       Unarmed           |    13 |       |       ||    13
       Punch             |       |     1 |     1 ||     2
Throw: Javelin           |       |     9 |       ||     9
       Dart              |       |     6 |       ||     6
Invok: Depart the Abyss  |     1 |       |       ||     1
       Bend Space        |       |     1 |     1 ||     2
Evoke: Wand              |       |       |     4 ||     4
  Use: Potion            |     1 |     4 |     3 ||     8
       Scroll            |       |    14 |       ||    14
Armor: Leather armour    |    19 |    68 |       ||    87
       Skin              |     2 |       |       ||     2
       Scale mail        |       |    35 |    26 ||    61
       Chain mail        |       |       |     9 ||     9
Dodge: Dodged            |    35 |   119 |    43 ||   197

Table legend: (Time is in decaauts)
 A = Elapsed time spent in this place.
 B = Non-inter-level travel time spent in this place.
 C = Inter-level travel time spent in this place.
 D = Time resting spent in this place.
 E = Time spent auto-exploring this place.
 F = Levels seen in this place.
 G = Mean time per level.
                   A        B        C        D        E       F      G
               +--------+--------+--------+--------+--------+-----+--------+
         Total |   5746 |   5569 |    177 |    923 |   3600 |   6 |  957.7 |
       Dungeon |   5746 |   5569 |    177 |    923 |   3600 |   5 | 1149.2 |
         Abyss |      0 |      0 |      0 |      0 |      0 |   1 |    0.0 |
               +--------+--------+--------+--------+--------+-----+--------+

Top non-repeatable levels by time:
     D:4: 1683 daAuts
     D:2: 1554 daAuts
     D:1: 1336 daAuts
     D:3: 1140 daAuts
     D:5: 30 daAuts
